 Dungeon Crawl Stone Soup version 0.30-a0-632-g346586fe48 (console) character file.

Game seed: 50192640535346215

465 jejorda2 the Poker (level 7, -2/56 HPs)
             Began as a Merfolk Berserker on Jan 13, 2023.
             Was a Believer of Trog.
             Killed by divine providence
             ... invoked by an orc priest
              (12 damage)
             ... on level 5 of the Dungeon.
             The game lasted 00:08:45 (3218 turns).

jejorda2 the Poker (Merfolk Berserker)              Turns: 3218, Time: 00:08:46

Health: -2/56      AC:  6    Str: 19    XL:     7   Next: 8%
Magic:  1/7        EV: 18    Int:  6    God:    Trog [**....]
Gold:   253        SH:  0    Dex: 14    Spells: 6/6 levels left

rFire   . . .      SeeInvis .    a - +0 spear
rCold   . . .      Faith    .    (no shield)
rNeg    . . .      Spirit   .    i - +1 leather armour {rPois}
rPois   +          Reflect  .    (no helmet)
rElec   .          Harm     .    (no cloak)
rCorr   .          Rampage  .    x - +0 pair of gloves
Will    .....                    u - +0 pair of boots
Stlth   +                        (no amulet)
HPRegen 0.29/turn                y - +5 ring of evasion
MPRegen 0.10/turn                (no ring)

@: no status effects
A: (nimble swimmer 2), mertail
a: Renounce Religion, Berserk, Trog's Hand


You were on level 5 of the Dungeon.
You worshipped Trog.
Trog was pleased with you.
You visited 1 branch of the dungeon, and saw 5 of its levels.

You collected 253 gold pieces.

Inventory:

Hand Weapons
 a - a +0 spear (weapon)
Missiles
 c - 10 stones (quivered)
 h - 3 curare-tipped darts
 n - 5 boomerangs
 p - 7 poisoned darts
Armour
 e - a +0 ring mail
 i - a +1 leather armour of poison resistance (worn)
 u - a +0 pair of boots (worn)
 x - a +0 pair of gloves (worn)
Jewellery
 y - a +5 ring of evasion (left hand)
Wands
 A - a wand of charming (11)
Scrolls
 f - a scroll of amnesia
 g - 2 scrolls of teleportation
Potions
 b - a potion of might {unknown}
 d - 3 potions of curing
 j - a potion of cancellation {unknown}
 k - a potion of brilliance {unknown}
 l - 2 potions of degeneration {unknown}
 m - 3 potions of flight {unknown}
 q - a potion of haste {unknown}
 r - 2 potions of heal wounds {unknown}
 s - 2 potions of attraction {unknown}
 B - a potion of ambrosia {unknown}


   Skills:
 + Level 5.0 Fighting
 * Level 7.8 Polearms
 - Level 1.3 Armour
 + Level 5.3 Dodging


You had 6 spell levels left.
You didn't know any spells.
Your spell library was empty.

Dungeon Overview and Level Annotations

Branches:
Dungeon (5/15)
 Temple: D:4-7

Altars:
Makhleb

Shops:
D:3 =   D:4 [


Innate Abilities, Weirdness & Mutations

((You are very nimble when in or above water. (Stealth+, EV+, Speed+++)))
Your lower body shifts to a powerful aquatic tail in water.


Message History

Pain shoots through your body!
An orc priest comes into view. It is wielding a +0 trident.
You reach to attack!
The orc priest shouts!
You hit the orc priest but do no damage.
You reach to attack!
You puncture the orc priest!
The orc priest is heavily wounded.
The orc priest calls upon Beogh to heal the orc priest.
The orc priest is healed somewhat.
You hit the orc priest.
The orc priest is heavily wounded.
The orc priest calls down the wrath of Beogh upon you.
Pain shoots through your body!
You are too injured to fight recklessly!
You are too injured to fight recklessly!
You hit the orc priest but do no damage.
The orc priest is heavily wounded.
The orc priest hits you with a +1 antimagic hand axe.
* * * LOW HITPOINT WARNING * * *
You feel your power leaking away.
You closely miss the orc priest.
The orc priest is heavily wounded.
You recover from your berserk rage.
You barely miss the orc priest.
The orc priest is heavily wounded.
The orc priest completely misses you.
You closely miss the orc priest.
The orc priest is heavily wounded.
The orc priest hits you with a +1 antimagic hand axe.
* * * LOW HITPOINT WARNING * * *
You feel your power leaking away. The orc closely misses you.
The orc warrior hits you but does no damage.
You barely miss the orc priest.
The orc priest is heavily wounded.
You hit the orc priest.
The orc priest is heavily wounded.
The orc priest invokes the aid of Beogh against you.
Beogh smites you!
You die...

.......# .......# .#
.......####.# #
..........##.#.##
...........##.#.########
...##....†.†# ...#......
...###'###'####..o......
...##..#.)..:....o:.....
.......#........@oo.....
.......+..........o?....
...##..#................
.. #....#+##########
#....# .'....# ##....#
####


You could see an orc warrior, 3 orc priests and an orc.

Vanquished Creatures
  Pargi (D:4)
  A scorpion (D:3)
  A killer bee (D:5)
  A jelly (D:4)
  Natasha (thrice) (D:4)
  An orc wizard (D:4)
  4 adders
  An ufetubus (D:4)
  A worm (D:2)
  2 dart slugs
  12 orcs
  5 bats
  7 endoplasms
  6 giant cockroaches
  9 goblins
  3 hobgoblins
  2 jackals (D:4)
  4 quokkas
  7 ball pythons
  5 frilled lizards
  3 kobolds
  A rat (D:1)
80 creatures vanquished.

Notes
Turn   | Place    | Note
-------+----------+-------------------------------------------
     0 | D:1      | jejorda2 the Merfolk Berserker began the quest for the Orb.
     0 | D:1      | Reached XP level 1. HP: 18/18 MP: 1/1
   206 | D:1      | Reached XP level 2. HP: 24/24 MP: 2/2
   434 | D:1      | Reached XP level 3. HP: 28/29 MP: 3/3
   472 | D:1      | Reached ** piety under Trog
   892 | D:2      | Reached skill level 5 in Polearms
  1469 | D:3      | Found Jugu's Jewellery Emporium.
  1475 | D:3      | Reached XP level 4. HP: 37/37 MP: 4/4
  1878 | D:3      | Noticed a scorpion
  1882 | D:3      | Killed a scorpion
  1883 | D:3      | Reached skill level 6 in Polearms
  1883 | D:3      | Reached XP level 5. HP: 42/42 MP: 5/5
  2293 | D:4      | Noticed Pargi
  2321 | D:4      | Killed Pargi
  2322 | D:4      | Reached skill level 7 in Polearms
  2322 | D:4      | Reached XP level 6. HP: 49/49 MP: 6/6
  2398 | D:4      | Reached skill level 5 in Dodging
  2431 | D:4      | Noticed Natasha
  2440 | D:4      | Killed Natasha
  2640 | D:4      | Found a burning altar of Makhleb.
  2644 | D:4      | Noticed Natasha
  2646 | D:4      | Found Qeude's Antique Armour Shop.
  2658 | D:4      | Killed Natasha
  2824 | D:4      | Noticed Natasha
  2832 | D:4      | Killed Natasha
  3082 | D:5      | Entered Level 5 of the Dungeon
  3170 | D:5      | Reached skill level 5 in Fighting
  3170 | D:5      | Reached XP level 7. HP: 15/56 MP: 7/7
  3218 | D:5      | Killed from afar by an orc priest

Illustrated notes

Levels and vault maps discovered:
D:1:      onia_arrival_mini_spirals, layout_loops_ring
D:2:      layout_loops_corners
D:3:      layout_rooms, serial_shops, nicolae_shop_crystal, serial_bayou_pond_e
D:4:      layout_basic, mainiacjoe_overflow_small_starburst, serial_shops, shop,
          uniq_natasha, uniq_pargi
D:5:      minmay_inner_zag, layout_gridville,
          minmay_temple_entry_drinking_statues, enter_ossuary_2

Skill      XL: |  1  2  3  4  5  6 |
---------------+-------------------+-----
Dodging        | 3 4 5 |  5.3
Polearms       | 5 6 7 |  7.8
Fighting       | 4 5 |  5.0
Armour         | |  1.3

Action                   |  1- 3 |  4- 6 |  7- 9 || total
-------------------------+-------+-------+-------++-------
Melee: Spear             |   137 |   202 |    10 ||   349
       Punch             |     4 |     1 |       ||     5
Throw: Stone             |     4 |     2 |       ||     6
       Dart              |       |     1 |       ||     1
Invok: Berserk           |       |     3 |       ||     3
       Trog's Hand       |       |     2 |     1 ||     3
  Use: Scroll            |       |    10 |       ||    10
 Stab: Sleeping          |     2 |       |       ||     2
       Distracted        |     1 |       |       ||     1
Armor: Ring mail         |    25 |    43 |       ||    68
       Leather armour    |       |       |     1 ||     1
Dodge: Dodged            |    48 |   109 |     2 ||   159

Table legend: (Time is in decaauts)
 A = Elapsed time spent in this place.
 B = Non-inter-level travel time spent in this place.
 C = Inter-level travel time spent in this place.
 D = Time resting spent in this place.
 E = Time spent auto-exploring this place.
 F = Levels seen in this place.
 G = Mean time per level.
                   A        B        C        D        E       F      G
               +--------+--------+--------+--------+--------+-----+--------+
         Total |   3189 |   2992 |    197 |     61 |   2243 |   5 |  637.8 |
       Dungeon |   3189 |   2992 |    197 |     61 |   2243 |   5 |  637.8 |
               +--------+--------+--------+--------+--------+-----+--------+

Top non-repeatable levels by time:
     D:2: 1026 daAuts
     D:4: 781 daAuts
     D:1: 729 daAuts
     D:3: 510 daAuts
     D:5: 140 daAuts
